 Dungeon Crawl Stone Soup version 0.29-a0-334-gb41bcbb86e (webtiles) character file.

Game seed: 14217426609630534988

2340 freelancePsychic the Shooter (level 9, -2/71 HPs)
             Began as a Demonspawn Warper on Apr 14, 2022.
             Was a Follower of Cheibriados.
             Killed from afar by an orc wizard (11 damage)
             ... with a puff of flame
             ... on level 6 of the Dungeon.
             The game lasted 00:06:57 (5346 turns).

freelancePsychic the Shooter (Demonspawn Warper)    Turns: 5346, Time: 00:06:57

Health: -2/71      AC:  7    Str: 14    XL:     9   Next: 20%
Magic:  12/12      EV: 12    Int: 21    God:    Cheibriados [*.....]
Gold:   363        SH:  0    Dex: 17    Spells: 12/12 levels left

rFire   . . .      SeeInvis .   a - +4 shortbow (flame)
rCold   . . .      Faith    .   (shield currently unavailable)
rNeg    . . .      Spirit   .   H - +0 acid dragon scales
rPois   .          Reflect  .   z - +0 helmet
rElec   .          Harm     .   (no cloak)
rCorr   +          Rampage  .   (no gloves)
Will    +....                   (no boots)
Stlth   +.........              (no amulet)
HPRegen 0.21/turn               s - +4 ring of slaying
MPRegen 0.26/turn               g - ring of willpower

@: very slow
A: hooves 2, ignite blood 2, magic regeneration, sturdy frame 1
a: Renounce Religion, Bend Time


You were on level 6 of the Dungeon.
You worshipped Cheibriados.
Cheibriados was aware of your devotion.
You visited 2 branches of the dungeon, and saw 7 of its levels.

You collected 363 gold pieces.

Inventory:

Hand Weapons
 a - a +4 shortbow of flaming (weapon)
 b - a +0 short sword of venom
 r - a +0 short sword
Missiles
 d - 6 boomerangs of dispersal
 f - 4 poisoned darts
 u - 5 boomerangs
 K - a throwing net
Armour
 h - a +0 hat
 m - a +0 leather armour
 z - a +0 helmet (worn)
 H - +0 acid dragon scales (worn)
Jewellery
 g - a ring of willpower (right hand)
 q - a ring of see invisible
 s - a +4 ring of slaying (left hand)
 I - a ring of willpower
Wands
 E - a wand of flame (16)
Scrolls
 c - 2 scrolls of blinking
 e - 2 scrolls of torment
 n - 5 scrolls of teleportation {@r4}
 o - 3 scrolls of magic mapping
 p - 2 scrolls of immolation
 t - 3 scrolls of amnesia
 w - 3 scrolls of vulnerability
 x - 2 scrolls of fog {unknown}
 y - a scroll of holy word {unknown}
 C - a scroll of enchant weapon
 F - a scroll of fear {unknown}
 J - 2 scrolls of identify {@r1}
Potions
 i - a potion of might {unknown}
 j - 4 potions of invisibility {unknown}
 k - 2 potions of attraction {unknown}
 l - 3 potions of cancellation {unknown}
 v - a potion of heal wounds {unknown}
 A - a potion of mutation {unknown}
 B - a potion of haste {unknown}
 D - a potion of brilliance {unknown}
 G - a potion of resistance {unknown}


   Skills:
 + Level 6.4 Fighting
 - Level 3.5 Short Blades
 * Level 7.3 Bows
 + Level 5.5 Throwing
 - Level 0.8 Armour
 - Level 1.7 Dodging
 - Level 2.0 Spellcasting
 - Level 2.6 Translocations


You had 12 spell levels left.
You didn't know any spells.
Your spell library contained the following spells:

 Spells                   Type           Power      Damage    Failure   Level
 Blink                    Tloc           26%        N/A       9%          2
 Gell's Gravitas          Tloc           13%        N/A       16%         3
 Lesser Beckoning         Tloc           13%        N/A       16%         3
 Teleport Other           Tloc           13%        N/A       16%         3
 Ignite Poison            Fire/Tmut/Pois 2%         N/A       43%         3
 Mephitic Cloud           Conj/Pois/Air  2%         N/A       43%         3
 Tukima's Dance           Hex            2%         N/A       43%         3
 Passage of Golubria      Tloc           13%        N/A       47%         4
 Manifold Assault         Tloc           13%        N/A       83%         5
 Airstrike                Air            1%         N/A       85%         4
 Summon Lightning Spire   Summ/Air       2%         N/A       85%         4
 Freezing Cloud           Conj/Ice/Air   1%         6-21      99%         5
 Lightning Bolt           Conj/Air       1%         1d12      99%         5
 Yara's Violent Unravell  Hex/Tmut       1%         3d3       99%         5


Dungeon Overview and Level Annotations

Branches:
Dungeon (6/15)             Temple (1/1) D:5

Altars:
Ashenzari
Cheibriados
Hepliaklqana
Kikubaaqudgha
Makhleb
Nemelex Xobeh
Okawaru
Qazlal
Sif Muna
Trog
Uskayaw
Vehumet
Wu Jian
Xom
Yredelemnul
Zin

Shops:
D:3 =   D:5 !

Annotations:
D:3 2 transporters


Innate Abilities, Weirdness & Mutations

You have hoof-like feet.
Your demonic aura often causes spilled blood to erupt in flames.
You regenerate magic rapidly.
Your movements are slightly less encumbered by armour. (ER -2)


Message History

The arrow burns the gnoll sergeant.
The gnoll sergeant is lightly wounded.
The gnoll throws a throwing net.
The throwing net hits you.
You become entangled in the net!
The gnoll sergeant hits you from afar with a +0 spear of flaming.
The gnoll sergeant burns you.
You cannot shoot with your shortbow while held in a net.
Unknown command.
You struggle against the net.
The gnoll sergeant hits you from afar with a +0 spear of flaming!
The gnoll sergeant burns you.
The ogre hits you with a +0 giant club!!
* * * LOW HITPOINT WARNING * * *
Blink to where?
Press: ? - help, Dir - move target, p - gnoll sergeant
As you read the scroll of blinking, it crumbles to dust.
Shoot: a) +4 shortbow (flame)
Press: ? - help, Shift-Dir - straight line, f - ogre
Aim: an ogre, wielding a +0 giant club (82% to hit)
You shoot an arrow. The arrow hits the ogre!
The arrow burns the ogre.
The ogre is heavily wounded.
The ogre is engulfed in blazing flames.
Shoot: a) +4 shortbow (flame)
Press: ? - help, Shift-Dir - straight line, f/p - ogre
Aim: an ogre, wielding a +0 giant club (almost dead, 82% to hit)
You shoot an arrow. The arrow hits the ogre.
The arrow burns the ogre.
The ogre is almost dead.
Shoot: a) +4 shortbow (flame)
Press: ? - help, Shift-Dir - straight line, f/p - ogre
Aim: an ogre, wielding a +0 giant club (almost dead, 82% to hit)
You shoot an arrow. The arrow hits the ogre!
The arrow burns the ogre.
You kill the ogre!
Cheibriados appreciates the change of pace.
Shoot: a) +4 shortbow (flame)
Press: ? - help, Shift-Dir - straight line, f - gnoll
Aim: a gnoll, wielding a +0 halberd (75% to hit)
You shoot an arrow. The arrow closely misses the gnoll.
A puff of flame appears from out of thin air!
The puff of flame hits you!
You die... #..PP♣# #§..# .........# #..♣P♣ #○{.# $.......# #..PP♣# ###.>.# ..)oo...# . #...♣P♣♣♣P#)..# .gcgo.

##...PPPPP#g)'## #####
#...P♣PPP♣....♣♣♣♣P..♣♣♣###
#.....P♣P.....PP♣PP..P♣P♣.♣
##....P.P.....P♣P♣P..P.P.P♣
##.......@.....P.P......P.
#####....................
###.....###..##.##...
##...## #.###.##### ##...#
#.# #.# # #...## #.....#
#.### ###.### #.# ###.###
#.#######.....##


You could see a gnoll.

Vanquished Creatures
  An acid dragon (D:6)
  Duvessa (D:6)
  A water moccasin (D:5)
  A black bear (D:6)
  4 ogres
  A centaur (D:6)
  2 gnoll sergeants
  2 bullfrogs (D:6)
  2 necrophages
  4 scorpions
  3 wights (D:6)
  Dowan (D:6)
  A howler monkey (D:5)
  7 hounds
  A jelly (D:6)
  5 iguanas
  3 orc wizards
  9 gnolls
  4 adders
  A white imp (D:5)
  2 ufetubi
  3 dart slugs
  16 orcs
  3 endoplasms (D:1)
  2 giant cockroaches
  5 goblins
  7 hobgoblins
  5 kobolds
  5 quokkas
  5 ball pythons
  3 bats
  A frilled lizard (D:2)
  4 rats
115 creatures vanquished.

Notes
Turn   | Place    | Note
-------+----------+-------------------------------------------
     0 | D:1      | freelancePsychic the Demonspawn Warper began the quest for
                  | the Orb.
     0 | D:1      | Reached XP level 1. HP: 16/16 MP: 3/3
   235 | D:1      | Gained mutation: Your demonic aura sometimes causes spilled
                  | blood to erupt in flames. [demonic ancestry]
   235 | D:1      | Reached XP level 2. HP: 22/22 MP: 5/5
   380 | D:1      | Found a faded altar of an unknown god.
   388 | D:1      | Reached skill level 1 in Throwing
   900 | D:2      | Gained mutation: You have large cloven feet. [demonic
                  | ancestry]
   900 | D:2      | Reached XP level 3. HP: 25/28 MP: 6/6
  1385 | D:3      | Noticed a necrophage
  1807 | D:3      | Found a transporter.
  1864 | D:3      | Noticed a scorpion
  1867 | D:3      | Killed a scorpion
  1868 | D:3      | Gained mutation: Your demonic aura often causes spilled
                  | blood to erupt in flames. [demonic ancestry]
  1868 | D:3      | Reached XP level 4. HP: 27/35 MP: 7/7
  2059 | D:3      | Found a transporter.
  2060 | D:3      | Identified a scroll of acquirement
  2061 | D:3      | Acquired a +4 shortbow of flaming
  2338 | D:3      | Found Xaotocs's Jewellery Emporium.
  2776 | D:4      | Gained mutation: You regenerate magic rapidly. [demonic
                  | ancestry]
  2776 | D:4      | Reached XP level 5. HP: 41/41 MP: 8/8
  2810 | D:4      | Reached skill level 1 in Bows
  3121 | D:4      | Reached skill level 2 in Bows
  3420 | D:5      | Entered Level 5 of the Dungeon
  3429 | D:5      | Reached XP level 6. HP: 43/47 MP: 9/9
  3667 | D:5      | Reached skill level 3 in Bows
  3670 | D:5      | Gained mutation: Your movements are slightly less
                  | encumbered by armour. (ER -2) [demonic ancestry]
  3670 | D:5      | Reached XP level 7. HP: 51/54 MP: 10/10
  3777 | D:5      | Reached skill level 4 in Bows
  3974 | D:5      | Found Beqihuc's Distillery.
  4236 | D:5      | Reached skill level 5 in Fighting
  4236 | D:5      | Reached skill level 5 in Bows
  4236 | D:5      | Gained mutation: You have hoof-like feet. [demonic
                  | ancestry]
  4236 | D:5      | Reached XP level 8. HP: 62/62 MP: 11/11
  4277 | D:5      | Found a staircase to the Ecumenical Temple.
  4291 | Temple   | Entered the Ecumenical Temple
  4421 | Temple   | Became a worshipper of Cheibriados the Contemplative
  4650 | D:6      | Reached skill level 6 in Bows
  4711 | D:6      | Reached * piety under Cheibriados
  4717 | D:6      | Reached skill level 5 in Throwing
  4786 | D:6      | Noticed Duvessa
  4789 | D:6      | Killed Duvessa
  4808 | D:6      | Noticed Dowan
  4814 | D:6      | Killed Dowan
  4871 | D:6      | Reached XP level 9. HP: 50/69 MP: 12/12
  4960 | D:6      | Found a shimmering altar of Xom.
  5083 | D:6      | Reached skill level 7 in Bows
  5207 | D:6      | Identified the +7 halberd "Jyaluemu" {vorpal, Str+3 Int+6}
  5346 | D:6      | Killed from afar by an orc wizard

Illustrated notes

Levels and vault maps discovered:
D:1:      dpeg_arrival_triangle_fractal, layout_rooms,
          dreamdust_ecumenical_altar_statues
D:2:      layout_basic, minmay_statues_item
D:3:      gammafunk_steamed_eel, layout_basic, serial_shops, shop,
          hangedman_decor_clover_reticule, hangedman_decor_lopped
D:4:      layout_basic, eino_curves_03
D:5:      layout_basic, minmay_temple_entry_hall, serial_shops, shop,
          minmay_starry_boxes
D:6:      kennysheep_housing_project, layout_loops_cross,
          mainiacjoe_overflow_concentric_impassable, uniq_duvessa
Temple:   regret_index_temple_waves

Skill      XL: |  1  2  3  4  5  6  7  8  9 |
---------------+----------------------------+-----
Short Blades   | 2 3 |  3.5
Throwing       | 1 2 3 4 5 |  5.5
Fighting       | 3 4 5 6 |  6.4
Bows           | 2 3 5 6 7 |  7.3
Armour         | |  0.8
Dodging        | |  1.7
Spellcasting   | |  2.0
Translocations | |  2.6

Action                   |  1- 3 |  4- 6 |  7- 9 || total
-------------------------+-------+-------+-------++-------
Melee: Short sword       |    86 |       |       ||    86
       Kick              |     8 |       |       ||     8
       Punch             |     1 |       |       ||     1
 Fire: Shortbow          |       |    67 |   134 ||   201
Throw: Boomerang         |     1 |       |       ||     1
  Use: Scroll            |     5 |     2 |     4 ||    11
Armor: Leather armour    |    12 |     7 |     5 ||    24
       Acid dragon scale |       |       |     3 ||     3
Dodge: Dodged            |    50 |    10 |    31 ||    91

Table legend: (Time is in decaauts)
 A = Elapsed time spent in this place.
 B = Non-inter-level travel time spent in this place.
 C = Inter-level travel time spent in this place.
 D = Time resting spent in this place.
 E = Time spent auto-exploring this place.
 F = Levels seen in this place.
 G = Mean time per level.
                   A        B        C        D        E       F      G
               +--------+--------+--------+--------+--------+-----+--------+
         Total |   5620 |   5389 |    231 |      0 |   4620 |   7 |  802.9 |
       Dungeon |   5473 |   5314 |    159 |      0 |   4562 |   6 |  912.2 |
        Temple |    146 |     74 |     72 |      0 |     58 |   1 |  146.0 |
               +--------+--------+--------+--------+--------+-----+--------+

Top non-repeatable levels by time:
     D:3: 1395 daAuts
     D:6: 1049 daAuts
     D:5: 986 daAuts
     D:1: 852 daAuts
     D:4: 678 daAuts
     D:2: 511 daAuts
  Temple: 146 daAuts
